 Dungeon Crawl Stone Soup version 0.29.1-15-g9cfb28693d (webtiles) character file.

Game seed: 11390327153548747363

87908 tkbsonic5 the Fencer (level 15, -16/147 HPs)
             Began as a Hill Orc Gladiator on July 23, 2023.
             Was a High Priest of Ru.
             Blown up by an orb spider (54 damage)
             ... with an orb of destruction
             ... led by a torpor snail
             ... on level 2 of the Spider Nest on Oct 21, 2023.
             The game lasted 01:36:24 (28642 turns).

tkbsonic5 the Fencer (Hill Orc Gladiator)          Turns: 28642, Time: 01:36:24

Health: -16/147    AC: 32    Str: 25    XL:     15   Next: 92%
Magic:  15/15      EV: 10    Int:  8    God:    Ru [*****.]
Gold:   1759       SH:  0    Dex: 12    Spells: 13/14 levels left

rFire   x . .      SeeInvis +   k - +7 triple sword (vamp) {Brass Petal Rain (3,26^^^)}
rCold   + . .      Faith    .   (shield currently unavailable)
rNeg    + . .      Spirit   .   d - +7 Kryia's mail coat {PotionHeal*2 rC+, YORHA HEALTH SUIT}
rPois   +          Reflect  .   c - +2 helmet
rElec   .          Harm     +   (no cloak)
rCorr   .          Rampage  .   s - +2 pair of gloves
Will    +....                   o - +2 pair of boots
Stlth   ..........              N - amulet "Ejolenn" {Harm rPois rF- rN+ Regen+}
HPRegen 1.14/turn               Q - ring of see invisible
MPRegen 0.14/turn               q - +4 ring of protection

@: no status effects
A: inability to use devices, hated by all, inability to train dodging,
iridescent scales 1, deterioration 1
a: Renounce Religion, Draw Out Power, Power Leap, Apocalypse


You were on level 2 of the Spider Nest.
You worshipped Ru.
Ru was extremely pleased with you.
You visited 3 branches of the dungeon, and saw 22 of its levels.
You also visited: Sewer.

You collected 1759 gold pieces.

Inventory:

Hand Weapons
 k - a +7 vampiric triple sword (weapon) {Brass Petal Rain (3,26^^^)}
 n - a +5 vorpal great sword {(2,22)}
 u - the +1 glaive of Xipsuujei {speed, rElec}
   (You found it on level 12 of the Dungeon)

   Attacks with this weapon are significantly faster.
   rElec:     It insulates you from electricity.
 A - a +0 mace {Claudia.}
 D - a +2 trident of protection
 E - a +5 long sword
 F - a +4 long sword
Missiles
 f - 47 poisoned darts (quivered)
 x - 6 boomerangs {HydraShot}
 z - 7 silver javelins
 C - a throwing net
 M - 5 atropa-tipped darts
Armour
 c - a +2 helmet (worn)
 d - the +7 Kryia's mail coat (worn) {PotionHeal*2 rC+, YORHA HEALTH SUIT}
   (You took it off a kobold on level 3 of the Dungeon)

   Potions are twice as effective at healing its wearer.
   rC:        It protects you from cold.
 o - a +2 pair of boots (worn)
 s - a +2 pair of gloves (worn)
 y - a scarf of shadows
Jewellery
 j - an amulet of faith
 m - a +4 ring of evasion
 p - a ring of protection from cold
 q - a +4 ring of protection (right hand)
 H - a ring of magical power
 N - the amulet "Ejolenn" (around neck) {Harm rPois rF- rN+ Regen+}
   (You found it on level 15 of the Dungeon)

   [amulet of regeneration]

   rF:        It makes you vulnerable to fire.
   rPois:     It protects you from poison.
   rN:        It protects you from negative energy.
   Regen:     It increases your rate of health regeneration.
   Harm:      It increases damage dealt and taken.
 Q - a ring of see invisible (left hand)
Scrolls
 v - 3 scrolls of teleportation
 w - 4 scrolls of magic mapping
 B - 9 scrolls of identify
 G - a scroll of amnesia
 I - a scroll of enchant weapon
 J - 2 scrolls of blinking
 K - a scroll of enchant armour
 L - a scroll of fear
Potions
 a - 2 potions of ambrosia
 b - a potion of might
 e - 3 potions of cancellation
 g - 11 potions of mutation
 h - a potion of brilliance
 i - 7 potions of curing
 l - 4 potions of magic
 r - 4 potions of flight
 t - 4 potions of heal wounds
 O - a potion of resistance {unknown}
 P - 2 potions of haste


   Skills:
 * Level 17.6 Fighting
 * Level 19.8 Long Blades
 + Level 9.1 Throwing
 + Level 11.9 Armour


You had 13 spell levels left.
You knew the following spells:

 Your Spells              Type           Power      Damage    Failure   Level
a - Slow                  Hex            0%         N/A       63%         1

Your spell library contained the following spells:

 Spells                   Type           Power      Damage    Failure   Level
 Beastly Appendage        Tmut           0%         N/A       63%         1
 Magic Dart               Conj           0%         1d3       63%         1
 Ensorcelled Hibernation  Hex/Ice        0%         N/A       77%         2
 Passwall                 Tmut/Erth      0%         N/A       77%         2
 Searing Ray              Conj           0%         2d4       77%         2
 Static Discharge         Conj/Air       0%         3-3/arc   77%         2
 Wereblood                Tmut           0%         N/A       77%         2
 Confusing Touch          Hex            0%         N/A       94%         3
 Ignite Poison            Fire/Tmut/Pois 0%         N/A       94%         3
 Mephitic Cloud           Conj/Pois/Air  0%         N/A       94%         3
 Ozocubu's Armour         Ice            0%         N/A       94%         3
 Portal Projectile        Hex/Tloc       0%         N/A       94%         3
 Spider Form              Tmut/Pois      0%         N/A       94%         3
 Swiftness                Air            0%         N/A       94%         3
 Vampiric Draining        Necr           0%         2d6       94%         3
 Fulminant Prism          Conj/Hex       0%         3d6       100%        4
 Leda's Liquefaction      Hex/Erth       0%         N/A       100%        4
 Blade Hands              Tmut           0%         N/A       100%        5
 Freezing Cloud           Conj/Ice/Air   0%         6-21      100%        5
 Lee's Rapid Deconstruct  Erth           0%         3d5*      100%        5
 Lightning Bolt           Conj/Air       0%         1d11      100%        5
 Statue Form              Tmut/Erth      0%         N/A       100%        6
 Ozocubu's Refrigeration  Ice            0%         4d7       100%        7
 Maxwell's Capacitive Co  Air            0%         ∞         100%        8
 Call Canine Familiar     Summ           Unusable   N/A       N/A         3
 Tukima's Dance           Hex            Unusable   N/A       N/A         3

Dungeon Overview and Level Annotations

Branches:
Dungeon (15/15)            Temple (0/1) D:7            Lair (5/5) D:11
 Shoals (0/4) Lair:3       Spider (2/4) Lair:3        Slime (0/5) Lair:4
    Orc (0/2) D:10         Vaults (0/5) D:13         Depths (0/4) D:15
  Sewer (visited)

Altars:
Ashenzari
Cheibriados
Elyvilon
Gozag
Makhleb
Nemelex Xobeh
Okawaru
Qazlal
Ru
Sif Muna
Trog
Vehumet
Wu Jian

Shops:
D:5 (   D:6 (

Portals:
Hell: Lair:5
Trove: D:14 (give +7 demon blade)

Annotations:
Lair:4 1 runed translucent door
Lair:5 3 runed translucent doors, Coinn's ghost, journeyman MiBe


Innate Abilities, Weirdness & Mutations

You cannot study or use magical devices.
You are hated by all.
You cannot train Dodging skill.
You are partially covered in iridescent scales. (AC +2)
Your body sometimes deteriorates upon taking damage.


Message History

The orb spider spins a strand of pure energy.
You see here a redback corpse.
The torpor snail bites you but does no damage.
The torpor snail bites you!
You slice the torpor snail!!
The torpor snail is severely wounded.
The orb spider weaves a glowing orb of energy.
An orb of destruction comes into view.
You hit the torpor snail but do no damage.
The torpor snail is severely wounded.
The orb spider pulsates with a strange energy.
The torpor snail bites you!
The wavering orb of destruction hits you!
You barely miss the torpor snail.
The torpor snail is severely wounded.
The orb spider weaves a glowing orb of energy.
The torpor snail closely misses you.
An orb of destruction comes into view.
You completely miss the torpor snail.
The torpor snail is severely wounded.
The orb spider weaves a glowing orb of energy.
The torpor snail completely misses you.
An orb of destruction comes into view.
You slash the torpor snail!
You feel better.
You kill the torpor snail!
You feel yourself speed up. The orb of destruction hits you!!
The orb spider pulsates with a strange energy.
The orb spider spins a strand of pure energy.
The orb of destruction hits you!!!
* * * LOW HITPOINT WARNING * * *
Unknown command.
The orb spider weaves a glowing orb of energy. x2 2 orbs of destruction come into view.
Unknown command.
The wavering orb of destruction hits you!!
* * * LOW HITPOINT WARNING * * *
The +7 Kryia's mail coat enhances the healing.
You feel much better. The orb of destruction hits you!!!
You die...

## ##........#
<#####.......##.
...# #.......#....
...###†..#^..#....
...#....#######...
...#..### #.?..
...#....## #..###
>.##.....# ##..s.##
.##.....### #..°@..#
##.........##..☼..##
#......#....#(.s###
##.....######.°...##
#.....##....†......#
##...##...........##
....?.#...##....###
#...^##....###..#
###......### ####


You could see 2 orb spiders.

Vanquished Creatures
  Jorgrun (Spider:1)
  Agnes (Spider:1)
  3 slime creatures (D:12)
  A ghost moth (Spider:1)
  2 dire elephants (Lair:5)
  An entropy weaver (Spider:2)
  A fire dragon (D:14)
  A hell beast (Lair:5)
  15 hydras
  2 boulder beetles
  Erica (Lair:1)
  3 centaur warriors
  A catoblepas (D:14)
  2 dancing weapons (D:13)
  2 two-headed ogres
  A tengu warrior (D:12)
  2 death yaks
  Urug (Lair:1)
  A storm dragon zombie (D:15)
  A golden dragon zombie (D:15)
  An orb spider (Spider:1)
  A spark wasp zombie (D:15)
  A phantasmal warrior (D:15)
  2 steelbarb worms
  A wizard (Lair:5)
  A necromancer (D:15)
  3 deep elf pyromancers
  Pikel (D:5)
  11 ugly things
  3 manticores
  3 wolf spiders (Spider:1)
  5 cyclopes
  12 elephants
  A centaur zombie (D:8)
  A cane toad (shapeshifter) (D:15)
  6 cane toads
  2 orange demons (Lair:5)
  3 gargoyles
  3 black mambas
  A fire giant skeleton (D:15)
  2 torpor snails
  Psyche (D:9)
  Maggie (D:6)
  3 unseen horrors (D:12)
  4 centaur skeletons (D:8)
  3 demonic crawlers (Spider:1)
  5 rime drakes
  13 komodo dragons
  An ice devil (Lair:5)
  A tengu conjurer (D:13)
  3 hellwings
  4 kobold demonologists
  2 guardian mummies (D:15)
  3 meliai (D:14)
  2 red devils (Lair:5)
  6 trolls
  4 tarantellas
  4 polar bears
  A blink frog (Lair:5)
  Grinder (D:3)
  A dream sheep (Lair:4)
  2 harpy skeletons (D:8)
  A raiju (shapeshifter) (D:15)
  A meliai zombie (D:8)
  13 jumping spiders
  48 yaks
  A centaur simulacrum (D:15)
  2 shadows
  A culicivora (Spider:1)
  3 wyverns
  2 vampires
  A wraith (D:11)
  Eustachio (D:6)
  6 basilisks
  11 redbacks
  6 vampire mosquitoes
  4 hell hounds (Lair:5)
  10 water moccasins
  3 acid dragons
  4 ice beasts
  6 orc warriors
  2 black bears
  6 centaurs
  5 ogres
  9 wolves
  A phantom (D:5)
  10 kobold brigands
  12 bullfrogs
  Blork the orc (D:6)
  6 gnoll sergeants
  2 necrophages
  3 scorpions
  14 wights
  5 killer bees (D:7)
  6 howler monkeys
  5 electric eels
  2 lava snakes (Lair:5)
  7 hounds
  6 orc priests
  2 jellies (D:6)
  2 gnoll boudas
  4 iguanas
  8 orc wizards
  Robin (D:4)
  17 gnolls
  7 adders
  3 shadow imps (D:8)
  A white imp (D:6)
  2 worms (D:2)
  3 dart slugs
  25 orcs
  6 endoplasms
  4 giant cockroaches
  25 goblins
  28 hobgoblins
  3 jackals (D:1)
  35 kobolds
  4 quokkas
  16 ball pythons
  5 bats
  3 frilled lizards
  A quokka zombie (D:4)
  30 rats
  A rat zombie (D:4)
634 creatures vanquished.

Vanquished Creatures (collateral kills)
  A kobold (Sewer)
1 creature vanquished.

Vanquished Creatures (others)
  3 hydras
  A pharaoh ant (Spider:1)
  A cane toad (Lair:4)
  A komodo dragon (Lair:2)
  A wyvern (Lair:3)
  A vampire (D:11)
  A yak (Lair:2)
  A basilisk (Lair:2)
  A vampire mosquito (D:12)
  A water moccasin (Lair:5)
  A wolf (Lair:1)
  2 orcs
  A goblin (D:3)
  25 fungi
  18 plants
  3 withered plants
62 creatures vanquished.

Grand Total: 697 creatures vanquished

Notes
Turn   | Place    | Note
-------+----------+-------------------------------------------
     0 | D:1      | tkbsonic5 the Hill Orc Gladiator began the quest for the
                  | Orb.
     0 | D:1      | Reached XP level 1. HP: 18/18 MP: 1/1
     1 | D:1      | Found a faded altar of an unknown god.
   214 | D:1      | Reached XP level 2. HP: 18/25 MP: 2/2
   539 | D:1      | Reached XP level 3. HP: 31/31 MP: 3/3
   837 | D:2      | Found a hazy altar of Hepliaklqana.
   840 | D:2      | Gained mutation: You are strong-willed. (Will+) [potion of
                  | mutation]
   840 | D:2      | Gained mutation: Armour fits poorly on your strangely
                  | shaped body. [potion of mutation]
   840 | D:2      | Gained mutation: Your mind is acute. (Int +4, Str/Dex -1)
                  | [potion of mutation]
   869 | D:2      | Reached skill level 4 in Long Blades
  1080 | D:2      | Reached XP level 4. HP: 33/38 MP: 4/4
  2145 | D:3      | Noticed Grinder
  2563 | D:3      | Killed Grinder
  2564 | D:3      | Reached skill level 5 in Long Blades
  2564 | D:3      | Reached XP level 5. HP: 36/47 MP: 5/5
  2564 | D:3      | Reached XP level 6. HP: 41/53 MP: 6/6
  2657 | D:3      | Lost mutation: You are strong-willed. (Will+) [potion of
                  | mutation]
  2657 | D:3      | Lost mutation: Armour fits poorly on your strangely shaped
                  | body. [potion of mutation]
  2657 | D:3      | Gained mutation: You are partially covered in iridescent
                  | scales. (AC +2) [potion of mutation]
  2657 | D:3      | Gained mutation: Your body sometimes deteriorates upon
                  | taking damage. [potion of mutation]
  2657 | D:3      | Lost mutation: Your mind is acute. (Int +4, Str/Dex -1)
                  | [potion of mutation]
  2662 | D:3      | Reached skill level 1 in Armour
  3248 | D:3      | Reached skill level 6 in Long Blades
  3515 | D:4      | Found a glowing drain.
  3518 | D:4      | Reached XP level 7. HP: 60/60 MP: 7/7
  3541 | Sewer    | Entered a sewer
  3787 | Sewer    | Reached skill level 5 in Fighting
  4226 | D:4      | Learned a level 1 spell: Slow
  4501 | D:4      | Found a sacrificial altar of Ru.
  4509 | D:4      | Became a worshipper of Ru the Awakened
  5135 | D:4      | Noticed Robin
  5148 | D:4      | Killed Robin
  5149 | D:4      | Reached skill level 7 in Long Blades
  5277 | D:4      | Found an opulent altar of Gozag.
  5680 | D:4      | Reached XP level 8. HP: 70/70 MP: 8/8
  5812 | D:5      | Entered Level 5 of the Dungeon
  6463 | D:5      | Gained mutation: You cannot train Dodging skill. [Ru
                  | sacrifice]
  6463 | D:5      | Reached * piety under Ru
  6500 | D:5      | Found Pueph's Antique Weapon Shop.
  6521 | D:5      | Found a hazy altar of Hepliaklqana.
  6523 | D:5      | Noticed Pikel
  6530 | D:5      | Found a white marble altar of Elyvilon.
  6530 | D:5      | Found an ornate altar of the Wu Jian Council.
  6543 | D:5      | Killed Pikel
  6544 | D:5      | Reached skill level 8 in Long Blades
  6544 | D:5      | Reached XP level 9. HP: 79/80 MP: 9/9
  6555 | D:5      | Found a sparkling altar of Nemelex Xobeh.
  6563 | D:5      | Found a burning altar of Makhleb.
  6566 | D:5      | Found a stormy altar of Qazlal.
  6571 | D:5      | Found a snail-covered altar of Cheibriados.
  6572 | D:5      | Found a shimmering blue altar of Sif Muna.
  6717 | D:6      | Found Jiurhabbee's Weapon Boutique.
  7010 | D:6      | Reached skill level 9 in Long Blades
  7262 | D:6      | Reached skill level 5 in Armour
  7412 | D:6      | Noticed Eustachio
  7421 | D:6      | Noticed Blork the orc
  7423 | D:6      | Noticed Maggie
  7817 | D:6      | Killed Blork the orc
  7830 | D:6      | Killed Eustachio
  8010 | D:6      | Killed Maggie
  8011 | D:6      | Reached XP level 10. HP: 80/91 MP: 10/10
  8172 | D:6      | Reached skill level 10 in Long Blades
  8352 | D:7      | Found a staircase to the Ecumenical Temple.
  8897 | D:7      | Reached skill level 10 in Fighting
  9493 | D:8      | Reached skill level 11 in Long Blades
  9662 | D:8      | Reached XP level 11. HP: 41/102 MP: 11/11
  9719 | D:8      | Identified a scroll of acquirement
  9719 | D:8      | Acquired a +2 vampiric triple sword
  9986 | D:8      | Gained mutation: You are hated by all. [Ru sacrifice]
  9986 | D:8      | Reached ** piety under Ru
  9986 | D:8      | Reached *** piety under Ru
 10047 | D:8      | Reached skill level 1 in Evocations
 10913 | D:8      | Reached skill level 12 in Long Blades
 11620 | D:9      | Noticed Psyche
 11623 | D:9      | Killed Psyche
 11880 | D:9      | Found a broken altar of Ashenzari.
 12119 | D:10     | Entered Level 10 of the Dungeon
 12287 | D:10     | Found an iron altar of Okawaru.
 12350 | D:10     | Found a bloodstained altar of Trog.
 12546 | D:10     | Reached skill level 13 in Long Blades
 12867 | D:10     | Gained mutation: You cannot study or use magical devices.
                  | [Ru sacrifice]
 12867 | D:10     | Reached **** piety under Ru
 12867 | D:10     | Reached ***** piety under Ru
 13024 | D:10     | Found a staircase to the Orcish Mines.
 13086 | D:10     | Reached skill level 14 in Long Blades
 13248 | D:11     | Noticed a cyclops
 13252 | D:11     | Killed a cyclops
 13504 | D:11     | Found a staircase to the Lair.
 13512 | D:11     | Noticed a two-headed ogre
 13529 | D:11     | Killed a two-headed ogre
 13530 | D:11     | Reached XP level 12. HP: 76/110 MP: 12/12
 13849 | D:11     | Reached skill level 15 in Long Blades
 14381 | Lair:1   | Entered Level 1 of the Lair of Beasts
 14477 | Lair:1   | Noticed Erica
 14493 | Lair:1   | Killed Erica
 14494 | Lair:1   | Reached skill level 5 in Throwing
 14531 | Lair:1   | Noticed Urug
 14542 | Lair:1   | Killed Urug
 14683 | Lair:1   | Noticed a four-headed hydra
 14728 | Lair:1   | Killed a six-headed hydra
 15257 | Lair:2   | Noticed a seven-headed hydra
 15274 | Lair:2   | Killed a 12-headed hydra
 15409 | Lair:2   | Reached skill level 16 in Long Blades
 15666 | Lair:2   | Reached XP level 13. HP: 122/122 MP: 13/13
 16127 | Lair:3   | Found a hole to the Spider Nest.
 16636 | Lair:3   | Found a staircase to the Shoals.
 17039 | Lair:4   | Found a runed translucent door.
 17040 | Lair:4   | Noticed an acid blob
 17041 | Lair:4   | Found a staircase to the Slime Pits.
 17182 | Lair:4   | Reached skill level 17 in Long Blades
 18205 | Lair:5   | Entered Level 5 of the Lair of Beasts
 18205 | Lair:5   | Found a runed translucent gate.
 18205 | Lair:5   | Found a runed translucent gate.
 18205 | Lair:5   | Found a runed translucent gate.
 18315 | Lair:5   | Noticed Coinn's ghost (journeyman MiBe)
 18847 | Lair:5   | Reached skill level 15 in Fighting
 19041 | Lair:5   | Reached XP level 14. HP: 117/122 MP: 5/14
 19119 | Lair:5   | Noticed a dire elephant
 19150 | Lair:5   | Killed a dire elephant
 19184 | Lair:4   | Reached skill level 10 in Armour
 19915 | Lair:5   | Noticed a dire elephant
 19935 | Lair:5   | Killed a dire elephant
 20085 | Lair:5   | Found a burning altar of Makhleb.
 20793 | Lair:5   | Reached skill level 18 in Long Blades
 21095 | Lair:5   | Found a gateway to Hell.
 22148 | D:12     | Identified the +1 glaive of Xipsuujei {speed, rElec}
 24043 | D:13     | Found a gate to the Vaults.
 24062 | D:13     | Reached XP level 15. HP: 108/144 MP: 15/15
 24620 | D:14     | Reached skill level 19 in Long Blades
 24683 | D:14     | Found a radiant altar of Vehumet.
 25184 | D:14     | Found a portal to a secret trove of treasure.
 25763 | D:15     | Entered Level 15 of the Dungeon
 26147 | D:15     | Found a staircase to the Depths.
 26200 | D:15     | Identified the amulet "Ejolenn" {Harm rPois rF- rN+ Regen+}
 27534 | Spider:1 | Entered Level 1 of the Spider Nest
 27571 | Spider:1 | Killed a ghost moth
 28026 | Spider:1 | Noticed Jorgrun
 28035 | Spider:1 | Killed Jorgrun
 28184 | Spider:1 | Noticed Agnes
 28193 | Spider:1 | Killed Agnes
 28641 | Spider:2 | HP: 4/147 [disintegration (33)]
 28642 | Spider:2 | Blown up by an orb spider

Illustrated notes

Levels and vault maps discovered:
D:1:      dpeg_arrival_shelter, layout_basic, basic_ecumenical_altar
D:2:      layout_rooms, basic_altar
D:3:      minmay_goblin_kobold_castle, layout_basic, bh_walls_and_bars,
          uniq_grinder
D:4:      layout_basic, mainiacjoe_overflow_chevrons, nicolae_ru_path_of_blood,
          enter_ossuary_4, cheibrodos_sewer_entry_sluice, st_stairs_9,
          uniq_robin
D:5:      layout_cave_pools, nicolae_overflow_hallway_of_the_gods, serial_shops,
          shop, uniq_pikel
D:6:      layout_gridville, serial_shops, nicolae_stop_n_shop_2,
          nicolae_hexahallways, minivault_11, sword_in_stone, uniq_maggie
D:7:      layout_rooms, minmay_temple_entry_grid
D:8:      cheibrodos_grave_circle, layout_basic, serial_corexii_hall,
          chequers_hall_statues_corner_a, corexii_hall_statues_x,
          corexii_hall_statues_deadend, corexii_hall_statues_i,
          corexii_hall_statues_x, corexii_hall_statues_x
D:9:      layout_loops_ring, nicolae_ashenzari_skybound, uniq_psyche
D:10:     layout_loops_corners, okawaru_metal_pillars_3,
          mainiacjoe_overflow_24_doors, kennysheep_orc_monster_closet_entryway
D:11:     layout_loops_ring, erik_lair_island
D:12:     minmay_box_of_statues, layout_loops_ring
D:13:     layout_irregular_city, erik_vaults_1
D:14:     layout_loops_ring, nicolae_trove_entry_diagonal,
          nicolae_vehumet_altar_sigil
D:15:     gammafunk_depths_entry_grave, layout_layer_cave
Lair:1:   layout_chaotic_city, lemuel_fruit_fields, uniq_urug, uniq_erica
Lair:2:   layout_loops_ring, columned_hall_lemuel, dreamdust_gnoll_shepherd,
          serial_bayou_shore_b, infiniplex_staircase_pool_2, lemuel_fruit_fields
Lair:3:   layout_hall_layers, shoals_dummy_entry, spider_nest_entry_a
Lair:4:   layout_long_grid, slime_entry_2, gauntlet_entry_generic,
          serial_bayou_pond_a, minmay_shattered_shrine, grunt_megastairs_3,
          infiniplex_staircase_pool, lemuel_fruit_tree
Lair:5:   evil_forest, layout_long_grid, gammafunk_ghost_hydra_chop,
          nicolae_lair_liquid_snakes, serial_bayou_shore_b
Spider:1: layout_spider_delve, uniq_agnes, uniq_jorgrun
Spider:2: layout_spider_delve

Skill      XL: |  1  2  3  4  5  6  7  8  9 10 11 12 13 14 15 |
---------------+----------------------------------------------+-----
Fighting       | 3 4 5 7 9 11 13 15 16 17 | 17.6
Long Blades    | 4 5 6 7 8 9 11 14 16 17 18 19 | 19.8
Dodging        | 3 4 0 |  0.0
Armour         | 1 2 4 5 6 7 8 9 11 | 11.9
Throwing       | 3 4 5 6 8 9 |  9.1
Evocations     | 0 |  0.0

Action                   |  1- 3 |  4- 6 |  7- 9 | 10-12 | 13-15 || total
-------------------------+-------+-------+-------+-------+-------++-------
Melee: Long sword        |   123 |   211 |   290 |    50 |       ||   674
       Punch             |     2 |     1 |     3 |     2 |       ||     8
       Great sword       |       |       |    91 |   120 |       ||   211
       Triple sword      |       |       |       |   484 |   970 ||  1454
       Mace              |       |       |       |       |    15 ||    15
       Trident           |       |       |       |       |    11 ||    11
Throw: Javelin           |     4 |       |       |       |    17 ||    21
       Throwing net      |     8 |     1 |     2 |       |       ||    11
       Dart              |       |       |    48 |    23 |    81 ||   152
       Boomerang         |       |       |       |       |   201 ||   201
Invok: Sacrifice Nimblen |       |       |     1 |       |       ||     1
       Power Leap        |       |       |       |    10 |    13 ||    23
       Draw Out Power    |       |       |       |     3 |     2 ||     5
       Sacrifice Artific |       |       |       |     1 |       ||     1
       Sacrifice Love    |       |       |       |     1 |       ||     1
       Apocalypse        |       |       |       |     2 |     4 ||     6
       Reject Sacrifices |       |       |       |     1 |     1 ||     2
Evoke: Wand              |       |       |       |    24 |       ||    24
  Use: Scroll            |     2 |     4 |    13 |    15 |    12 ||    46
       Potion            |     2 |     6 |     7 |     5 |     3 ||    23
 Stab: Held in net/web   |     1 |     1 |       |       |       ||     2
       Invisible         |       |       |     3 |     2 |     6 ||    11
       Distracted        |       |       |       |     4 |     7 ||    11
       Paralysed         |       |       |       |     3 |     2 ||     5
       Petrified         |       |       |       |       |     3 ||     3
Armor: Leather armour    |     2 |       |       |       |       ||     2
       Ring mail         |    48 |    39 |       |       |       ||    87
       Scale mail        |       |   144 |   287 |   717 |  1102 ||  2250
       Skin              |       |       |    51 |       |       ||    51
Dodge: Dodged            |    64 |   154 |   252 |   585 |   984 ||  2039
